 Dungeon Sprint DCSS version 0.21-a0-405-gf2af9a1 (webtiles) character file.

8350 Kidiri the Eclecticist (level 11, -11/66 HPs)
             Began as a Deep Elf Fire Elementalist on Nov 2, 2017.
             Was the Champion of Vehumet.
             Mangled by a seven-headed hydra (15 damage)
             ... in the Dungeon (Sprint III: "The Ten Rune Challenge").
             The game lasted 00:14:20 (1885 turns).

Kidiri the Eclecticist (Deep Elf Fire Elementalist) Turns: 1885, Time: 00:14:21

Health: -11/66     AC:  7    Str:  7    XL:     11   Next: 8%
Magic:  20/33      EV: 11    Int: 24    God:    Vehumet [******]
Gold:   36         SH:  0    Dex: 15    Spells: 19/43 levels left

rFire    . . .     SeeInvis .   m - +0 dagger
rCold    . . .     Gourm    .   (no shield)
rNeg     . . .     Faith    .   e - +0 scale mail
rPois    +         Spirit   .   (no helmet)
rElec    .         Reflect  .   w - scarf {cloud immunity}
rCorr    .         Harm     .   (no gloves)
MR       ++...     NoTele   +   (no boots)
Stlth    +.........             (no amulet)
HPRegen  0.61/turn              (no ring)
MPRegen  0.23/turn              (no ring)

@: no status effects
A: magic resistance 1, poison resistance, regeneration 1, strong 1
a: Renounce Religion


You were in the Dungeon.
You worshipped Vehumet.
Vehumet was exalted by your worship.
You were not hungry.

You visited 1 branch You collected 36 gold pieces.

Inventory:

Hand Weapons
 m - a +0 dagger (weapon)
Missiles
 b - 2 throwing nets (quivered)
Armour
 a - a +0 robe
 e - a +0 scale mail (worn)
 w - a scarf of cloud immunity (worn)
Wands
 k - a wand of flame (15/48)
 p - a wand of confusion (7/48)
Scrolls
 i - a scroll of blinking
 o - a scroll of immolation {unknown}
 q - 2 scrolls of remove curse
 s - a scroll of torment {unknown}
 t - a scroll of random uselessness {unknown}
Potions
 d - 2 potions of curing
 f - a potion of haste
 g - 2 potions of magic
 h - a potion of berserk rage
 j - a potion of cancellation
 r - 2 potions of flight
 v - 2 potions of mutation
Comestibles
 c - a bread ration
 l - 14 chunks of flesh
 u - 30 royal jellies


   Skills:
 + Level 6.7 Fighting
 + Level 8.1 Short Blades
 + Level 6.7 Armour
 + Level 10.1 Dodging
 - Level 2.4 Stealth
 * Level 16.7 Spellcasting
 + Level 10.6 Conjurations
 + Level 11.0 Fire Magic
 + Level 7.9 Air Magic
 + Level 8.7 Poison Magic


You had 19 spell levels left.
You knew the following spells:

 Your Spells              Type           Power        Failure   Level  Hunger
a - Flame Tongue          Conj/Fire      #####        1%          1    None
b - Throw Flame           Conj/Fire      ######       1%          2    None
c - Conjure Flame         Conj/Fire      ######..     1%          3    None
d - Inner Flame           Hex/Fire       #####...     2%          3    None
e - Ignite Poison         Fire/Tmut/Pois ######..     1%          3    None
f - Sticky Flame          Conj/Fire      ######..     1%          4    None
g - Fireball              Conj/Fire      ######....   2%          5    None
h - Mephitic Cloud        Conj/Pois/Air  ######..     1%          3    None


Dungeon Overview and Level Annotations

Branches:
Dungeon (1/1)

Altars:
Cheibriados
Dithmenos
Elyvilon
Fedhas
Gozag
Hepliaklqana
Kikubaaqudgha
Makhleb
Nemelex Xobeh
Okawaru
Qazlal
Ru
Sif Muna
Trog
Uskayaw
Vehumet
Wu Jian
Xom
Yredelemnul
Zin
The Shining One
Beogh
Jiyva
Lugonu

Annotations:
D exclusion: 2 doors


Innate Abilities, Weirdness & Mutations

You are resistant to hostile enchantments. (MR+)
Your system is resistant to poisons. (rPois)
Your natural rate of healing is unusually fast.
Your muscles are strong. (Str +2)


Message History

Unknown command.
You hit the four-headed hydra.
The four-headed hydra is almost dead.
The four-headed hydra is engulfed in a cloud of scalding steam.
The four-headed hydra bites you. The four-headed hydra bites you!
* * * LOW HITPOINT WARNING * * *
The four-headed hydra misses you.
The four-headed hydra bites you but does no damage.
Unknown command.
The seven-headed hydra is engulfed in a cloud of scalding steam.
Vehumet accepts your kill.
You feel your power returning.
Your Short Blades skill increases to level 8!
Your Dodging skill increases to level 10!
Your Fire Magic skill increases to level 11!
You have reached level 11!
You feel a bit more experienced. The seven-headed hydra bites you!
* * * LOW HITPOINT WARNING * * *
The seven-headed hydra bites you!
You die...

♣♣≈≈≈........≈≈≈...#....
+♣♣'♣≈≈≈≈≈≈≈≈≈≈≈≈♣♣P.'....
#.≈♣♣♣♣♣♣♣♣♣♣♣♣♣♣♣♣PP#....
#..♣♣ ♣♣♣##+##
###'♣♣♣♣♣♣♣♣♣♣♣♣♣♣
♣♣♣♣.##..##§≈≈≈§≈..
♣...##.##.#§≈§§≈...
♣♣.##.##.##D§§§≈≈#
♣..#.##..@#D§.....
♣♣.##.##.)#§§.+###
♣♣.##.#####...# ♣.....#
...# ####### ####


You could see a seven-headed hydra.

Vanquished Creatures
  A hydra (D)
  Erolcha (D)
  Urug (D)
  A lindwurm (D)
  A deep elf mage (D)
  2 spiny frogs (D)
  A komodo dragon (D)
  3 wandering mushrooms (D)
  A queen bee (D)
  2 tyrant leeches (D)
  5 redbacks (D)
  A shadow (D)
  A spatial vortex (D)
  A necrophage (D)
  5 two-headed ogres (D)
  A water elemental (D)
  A scorpion (D)
  31 killer bees (D)
  An electric eel (D)
  A jelly (D)
  A wizard (D)
  Jessica (D)
  A necromancer (D)
  A kobold demonologist (D)
  3 humans (D)
  An ooze (D)
  A rat (D)
71 creatures vanquished.

Vanquished Creatures (collateral kills)
  A killer bee (D)
1 creature vanquished.

Vanquished Creatures (others)
  2 draconian scorchers (D)
  2 yaktaurs (D)
  6 hellions (D)
10 creatures vanquished.

Grand Total: 82 creatures vanquished

Notes
Turn   | Place    | Note
-------+----------+-------------------------------------------
     0 | D        | Kidiri the Deep Elf Fire Elementalist began the quest for the Orb.
     0 | D        | Reached XP level 1. HP: 10/10 MP: 6/6
    11 | D        | Reached skill level 4 in Spellcasting
    55 | D        | Noticed Jessica
    60 | D        | Killed Jessica
    60 | D        | Reached skill level 6 in Spellcasting
    60 | D        | Reached XP level 2. HP: 15/15 MP: 6/11
    60 | D        | Reached XP level 3. HP: 19/19 MP: 6/12
    64 | D        | Learned a level 2 spell: Throw Flame
    68 | D        | Learned a level 3 spell: Conjure Flame
    72 | D        | Learned a level 3 spell: Inner Flame
    94 | D        | Killed a hellion
   101 | D        | Killed a hellion
   103 | D        | Killed a hellion
   106 | D        | Killed a hellion
   106 | D        | Killed a hellion
   122 | D        | Reached skill level 7 in Spellcasting
   122 | D        | Reached skill level 5 in Fire Magic
   124 | D        | Killed a white draconian scorcher
   146 | D        | Killed a yaktaur
   183 | D        | Killed a hellion
   209 | D        | Noticed a scorpion
   210 | D        | Killed a white draconian scorcher
   214 | D        | Killed a scorpion
   214 | D        | Reached skill level 8 in Spellcasting
   214 | D        | Reached XP level 4. HP: 14/24 MP: 8/16
   222 | D        | Learned a level 4 spell: Sticky Flame
   245 | D        | Gained mutation: Your body sometimes deteriorates upon taking damage. [potion of mutation]
   245 | D        | Gained mutation: You are agile. (Dex +2) [potion of mutation]
   245 | D        | Gained mutation: You tend to lose your temper in combat. [potion of mutation]
   245 | D        | Gained mutation: You are resistant to hostile enchantments. (MR+) [potion of mutation]
   246 | D        | Lost mutation: Your body sometimes deteriorates upon taking damage. [potion of mutation]
   246 | D        | Lost mutation: You tend to lose your temper in combat. [potion of mutation]
   246 | D        | Lost mutation: You are agile. (Dex +2) [potion of mutation]
   246 | D        | Lost mutation: You are resistant to hostile enchantments. (MR+) [potion of mutation]
   246 | D        | Gained mutation: Your system is resistant to poisons. (rPois) [potion of mutation]
   246 | D        | Gained mutation: Your natural rate of healing is unusually fast. [potion of mutation]
   247 | D        | Gained mutation: Your muscles are strong. (Str +2) [potion of mutation]
   247 | D        | Gained mutation: You are resistant to hostile enchantments. (MR+) [potion of mutation]
   271 | D        | Noticed a water elemental
   274 | D        | Killed a water elemental
   274 | D        | Reached skill level 10 in Spellcasting
   274 | D        | Reached skill level 5 in Conjurations
   274 | D        | Reached XP level 5. HP: 20/28 MP: 13/19
   296 | D        | Learned a level 5 spell: Fireball
   311 | D        | Found a radiant altar of Vehumet.
   312 | D        | Found a deep blue altar of Sif Muna.
   312 | D        | Found an ancient bone altar of Kikubaaqudgha.
   316 | D        | Reached skill level 1 in Fighting
   316 | D        | Reached skill level 1 in Short Blades
   316 | D        | Reached skill level 1 in Armour
   327 | D        | Learned a level 3 spell: Mephitic Cloud
   332 | D        | Became a worshipper of Vehumet
   373 | D        | Found a glowing silver altar of Zin.
   374 | D        | Found a glowing golden altar of the Shining One.
   374 | D        | Found a white marble altar of Elyvilon.
   374 | D        | Noticed a deep elf mage
   381 | D        | Killed a deep elf mage
   381 | D        | Reached skill level 5 in Dodging
   381 | D        | Reached skill level 12 in Spellcasting
   381 | D        | Reached XP level 6. HP: 36/36 MP: 9/23
   381 | D        | Reached XP level 7. HP: 40/40 MP: 9/24
   505 | D        | Killed a yaktaur
   560 | D        | Found an ornate altar of the Wu Jian Council.
   560 | D        | Found a roughly hewn altar of Beogh.
   560 | D        | Found an iron altar of Okawaru.
   560 | D        | Found a bloodstained altar of Trog.
   560 | D        | Found a hide-covered altar of Uskayaw.
   560 | D        | Noticed a human
   560 | D        | Noticed a human
   569 | D        | Killed a human
   572 | D        | Killed a human
   572 | D        | Reached * piety under Vehumet
   572 | D        | Offered knowledge of Shock by Vehumet.
   685 | D        | Found a basalt altar of Yredelemnul.
   685 | D        | Found a shadowy altar of Dithmenos.
   685 | D        | Found a sacrificial altar of Ru.
   741 | D        | Noticed a shadow
   741 | D        | Killed a shadow
   741 | D        | Reached XP level 8. HP: 48/48 MP: 18/26
   741 | D        | Reached ** piety under Vehumet
   741 | D        | Offered knowledge of Searing Ray by Vehumet.
   755 | D        | Found a blossoming altar of Fedhas.
   755 | D        | Found a stormy altar of Qazlal.
   755 | D        | Found a snail-covered altar of Cheibriados.
   755 | D        | Found a burning altar of Makhleb.
   755 | D        | Found a shimmering altar of Xom.
   756 | D        | Found a hazy altar of Hepliaklqana.
   756 | D        | Found an opulent altar of Gozag.
   756 | D        | Found a sparkling altar of Nemelex Xobeh.
   756 | D        | Found a corrupted altar of Lugonu.
   756 | D        | Found a viscous altar of Jiyva.
   772 | D        | Reached skill level 13 in Spellcasting
   908 | D        | Offered knowledge of Dazzling Spray by Vehumet.
   908 | D        | Reached *** piety under Vehumet
   908 | D        | Reached skill level 5 in Poison Magic
  1068 | D        | Noticed Erolcha
  1068 | D        | Noticed a two-headed ogre
  1087 | D        | Killed a two-headed ogre
  1087 | D        | Reached skill level 5 in Short Blades
  1091 | D        | Offered knowledge of Ignite Poison by Vehumet.
  1091 | D        | Reached skill level 5 in Air Magic
  1092 | D        | Killed Erolcha
  1092 | D        | Reached skill level 14 in Spellcasting
  1092 | D        | Reached XP level 9. HP: 53/53 MP: 7/29
  1097 | D        | Learned a level 3 spell: Ignite Poison
  1201 | D        | Noticed a two-headed ogre
  1204 | D        | Reached **** piety under Vehumet
  1221 | D        | Killed a two-headed ogre
  1221 | D        | Reached skill level 5 in Fighting
  1221 | D        | Reached skill level 5 in Armour
  1342 | D        | Noticed a queen bee
  1346 | D        | Offered knowledge of Stone Arrow by Vehumet.
  1348 | D        | Reached ***** piety under Vehumet
  1350 | D        | Killed a queen bee
  1366 | D        | Reached ****** piety under Vehumet
  1366 | D        | Reached skill level 15 in Spellcasting
  1372 | D        | Reached XP level 10. HP: 48/59 MP: 15/31
  1372 | D        | Reached skill level 10 in Fire Magic
  1512 | D        | Offered knowledge of Iskenderun's Mystic Blast by Vehumet.
  1612 | D        | Noticed a spiny frog
  1612 | D        | Noticed a spiny frog
  1616 | D        | Killed a spiny frog
  1618 | D        | Killed a spiny frog
  1618 | D        | Reached skill level 10 in Conjurations
  1666 | D        | Reached skill level 16 in Spellcasting
  1737 | D        | Noticed a lindwurm
  1745 | D        | Killed a lindwurm
  1745 | D        | Offered knowledge of Conjure Ball Lightning by Vehumet.
  1853 | D        | Noticed Urug
  1859 | D        | Killed Urug
  1879 | D        | Noticed a seven-headed hydra
  1879 | D        | Noticed a four-headed hydra
  1885 | D        | Killed a four-headed hydra
  1885 | D        | Reached skill level 10 in Dodging
  1885 | D        | Reached XP level 11. HP: 18/66 MP: 20/33
  1885 | D        | Mangled by a seven-headed hydra

Vault maps used:
D:        dungeon_sprint_mu

Skill      XL: |  1  2  3  4  5  6  7  8  9 10 |
---------------+-------------------------------+-----
Spellcasting   | 6 8 10 12 14 15 16 | 16.7
Conjurations   | 3 4 5 7 8 9 10 | 10.6
Fire Magic     | 4 5 6 7 8 9 11 | 11.0
Fighting       | 2 3 4 5 6 |  6.7
Short Blades   | 3 4 5 6 8 |  8.1
Armour         | 2 3 4 5 6 |  6.7
Dodging        | 5 6 7 8 10 | 10.1
Air Magic      | 3 4 5 6 7 |  7.9
Poison Magic   | 3 4 6 7 8 |  8.7
Stealth        | |  2.4

Action                   |  1- 3 |  4- 6 |  7- 9 | 10-12 || total
-------------------------+-------+-------+-------+-------++-------
Melee: Dagger            |       |     3 |     6 |     7 ||    16
 Cast: Flame Tongue      |    14 |     3 |    70 |    29 ||   116
       Conjure Flame     |       |     1 |     8 |     2 ||    11
       Sticky Flame      |       |     3 |     6 |     7 ||    16
       Mephitic Cloud    |       |     1 |     8 |     7 ||    16
       Inner Flame       |       |       |     7 |       ||     7
       Ignite Poison     |       |       |     5 |     7 ||    12
       Fireball          |       |       |       |     5 ||     5
  Use: Potion            |       |     3 |       |     1 ||     4
       Scroll            |       |     2 |       |       ||     2
 Stab: Sleeping          |       |     1 |       |     1 ||     2
       Confused          |       |     1 |       |       ||     1
  Eat: Chunk             |       |       |     1 |       ||     1
       Bread ration      |       |       |       |     1 ||     1
Armor: Scale mail        |       |       |       |     2 ||     2
Dodge: Dodged            |     3 |     1 |    12 |    23 ||    39

Table legend:
 A = Spawn XP
 B = Non-spawn XP
 C = Spawn XP percentage of total XP
 D = Spawn monster count
 E = Non-spawn monster count
 F = Spawn count percentage of total count
 G = Total turns spent on level
                    A         B        C        D         E        F      G
               +---------+---------+-------+---------+---------+-------+---------
         Total |       0 |   11929 |   0.0 |       0 |      72 |   0.0 |  1885
               +---------+---------+-------+---------+---------+-------+---------
             D |       0 |   11929 |   0.0 |       0 |      72 |   0.0 |  1885
               +---------+---------+-------+---------+---------+-------+---------
